 Dungeon Crawl Stone Soup version 0.18-a0-1577-gf591c28 (webtiles) character file.

6861 M4edhros the Covert (level 11, -6/63 HPs)
             Began as an Octopode Artificer on Mar 22, 2016.
             Was an Initiate of Gozag.
             Mangled by a skeletal warrior
             ... wielding a +0 glaive
              (18 damage)
             ... while paralysed
             ... on level 11 of the Dungeon.
             The game lasted 00:44:58 (31270 turns).

M4edhros the Covert (Octopode Artificer)           Turns: 31270, Time: 00:44:58

Health: -6/63      AC: 10    Str: 10    XL:     11   Next: 6%
Magic:  14/14      EV:  2    Int: 14    God:    Gozag
Gold:   1022       SH:  0    Dex: 15    Spells: 1 memorised, 7 levels left

rFire  + + +     SeeInvis +     C - +5 dagger of Somewhere Else {pain, rElec rF+ rC+}
rCold  + + .     Gourm    .     G - +4 shield of Jynothrege {Int+2 SInv}
rNeg   + . .     Faith    .     (helmet restricted)
rPois  .         Spirit   .     g - +5 amulet of reflection
rElec  +         Dismiss  .     i - ring of resist corrosion
rCorr  +         Reflect  +     l - ring of sustain attributes
SustAt +         Harm     .     S - ring of stealth
MR     .....     Rnd*Rage +     U - ring of positive energy
Stlth  ++++++++..               f - ring of protection from fire
                                (no ring)
                                (no ring)
                                (no ring)

@: paralysed, fainting, not resistant to hostile enchantments, extraordinarily
stealthy
A: almost no armour, amphibious, 8 rings, constrict 8, rough black scales 2,
thin metallic scales 1, camouflage 1, berserk 2, cold resistance 1, dopey 1,
fire resistance 1, high mp 1, sense surroundings 1, electricity resistance,
gelatinous body 1
a: Potion Petition, Call Merchant, Bribe Branch, Renounce Religion


You were on level 11 of the Dungeon.
You worshipped Gozag.
Gozag was noncommittal.
You were fainting.

You visited 2 branches of the dungeon, and saw 12 of its levels.

You collected 1994 gold pieces.
You spent 412 gold pieces at shops.
You paid 560 gold pieces to Gozag.

Inventory:

Hand Weapons
 a - a +0 short sword
 k - a +0 short sword of venom
 r - a +3 spear
 w - a +0 blowgun
 C - the +5 dagger of Somewhere Else (weapon) {pain, rElec rF+ rC+}
   (You found it on level 4 of the Dungeon)

   In the hands of one skilled in necromantic magic, it inflicts extra damage on
   living creatures.
   It protects you from fire.
   It protects you from cold.
   It insulates you from electricity.
 F - a +0 hunting sling
Missiles
 n - 250 stones (quivered)
 x - 40 poisoned needles
 E - 12 sling bullets
 V - 18 poisoned sling bullets
Armour
 m - a +0 ring mail
 G - the +4 shield of Jynothrege (worn) {Int+2 SInv}
   (You found it on level 4 of the Dungeon)

   It affects your intelligence (+2).
   It lets you see invisible.
Magical Staves
 Q - an uncursed staff of summoning {unknown}
Jewellery
 f - a ring of protection from fire (on tentacle)
 g - a +5 amulet of reflection (around mantle)
 i - a ring of resist corrosion (left tentacle)
 l - a ring of sustain attributes (right tentacle)
 H - an uncursed amulet of rage
 S - a ring of stealth (on tentacle)
 U - a ring of positive energy (on tentacle)
Wands
 b - a wand of flame (0/48)
 c - a wand of enslavement (0/24)
 d - a wand of random effects (7/48)
 v - a wand of disintegration (5/24)
 z - a wand of slowing (35/48)
 L - a wand of iceblast (3/15)
 N - a wand of iceblast (6/15)
 R - a wand of hasting (4/9)
 T - a wand of heal wounds (0/9)
 X - a wand of lightning (10/15)
Scrolls
 p - 4 scrolls of remove curse
 s - 2 scrolls of blinking {unknown}
 y - a scroll of fear {unknown}
 A - 4 scrolls of enchant weapon
 J - 3 scrolls of amnesia
 M - 3 scrolls of recharging {unknown}
 O - 2 scrolls of immolation
 W - a scroll of identify
 Y - a scroll of enchant armour {unknown}
Potions
 e - a potion of brilliance
 o - a potion of might
 t - a potion of magic
 u - a potion of resistance {unknown}
 B - a potion of invisibility {unknown}
 D - a potion of haste {unknown}
 I - 2 potions of flight {unknown}
 K - 2 potions of degeneration {unknown}
 P - a potion of agility {unknown}
Books
 j - a book of Necromancy

   Spells                             Type                      Level
   a - Pain                           Necromancy                   1
   b - Animate Skeleton               Necromancy                   1
   c - Vampiric Draining              Necromancy                   3
   d - Regeneration                   Charms/Necromancy            3
   e - Animate Dead                   Necromancy                   4
   f - Control Undead                 Necromancy                   4


   Skills:
 - Level 1.0 Fighting
 - Level 1.0 Short Blades
 + Level 5.0 Slings
 - Level 6.6 Dodging
 + Level 13.6 Stealth
 * Level 9.0 Shields
 * Level 5.1 Necromancy
 - Level 3.2 Evocations


You had 7 spell levels left.
You knew the following spells:

 Your Spells              Type           Power        Failure   Level  Hunger
a - Regeneration          Chrm/Necr      #.........   69%         3    ####...


Dungeon Overview and Level Annotations

Branches:
Dungeon (11/15)            Temple (1/1) D:6             Orc (0/2) D:9
   Lair: D:8-11

Altars:
Ashenzari
Cheibriados
Dithmenos
Elyvilon
Fedhas
Gozag
Kikubaaqudgha
Makhleb
Nemelex Xobeh
Okawaru
Pakellas
Qazlal
Ru
Sif Muna
Trog
Vehumet
Xom
Yredelemnul
Zin
The Shining One

Shops:
D:7 !   D:9 [(   Temple =

Annotations:
D:5 Uhlv's ghost, novice GrFi
D:8 M4edhros's ghost, novice OpAr
D:11 Nergalle


Innate Abilities, Weirdness & Mutations

You cannot wear most types of armour.
You are amphibious.
You can wear up to eight rings at the same time.
You can use your tentacles to constrict eight enemies at once.
Your skin changes colour to match your surroundings (Stealth).
Your rubbery body absorbs attacks (AC +1).
You are mostly covered in rough black scales (AC +7, Dex -2).
You are partially covered in thin metallic scales (AC +2).
You often lose your temper in combat.
Your flesh is cold resistant.
You are dopey. (Int -2)
Your flesh is heat resistant.
You have an increased reservoir of magic (+10% MP).
You passively map a small area around you.
You are resistant to electric shocks.


Message History

Your orc priest hits the skeletal warrior but does no damage.
You block the skeletal warrior's attack.
The skeletal warrior hits your orc priest with an enchanted war axe!
Your orc priest dies!
The skeletal warrior is distracted by the nearby gold.
You block the skeletal warrior's attack.
You block the skeletal warrior's attack.
The skeletal warrior is no longer distracted by gold.
The skeletal warrior hits you with a short sword!
Read which item? (? for menu, Esc to quit)
Okay, then.
Found a scroll of identify.
You lose consciousness!
The skeletal warrior hits you with a short sword!
The skeletal warrior hits you with a short sword!
* * * LOW HITPOINT WARNING * * *
The skeletal warrior hits you from afar with a glaive!!
You die...
Xom is highly amused!
Your body crumbles into a pile of gold.

* ,... , ..####...
..####### . , , ,
......... ........ .
........# *#...... .
........+ $ #......
,........+,, ,
,,#...... , .?......#,
, ,#....z. , ........#
, ,#.z#### .......@###
#..#
........zz########..#
...........z..z.....#
*#########...........#
* #...........# ,
#...........# *
#...........# #######.
#.########..####
........* #.' ,
#......


You could see 3 skeletal warriors.

Vanquished Creatures
  An unseen horror (D:10)
  A hill giant (D:10)
  A centaur skeleton (D:11)
  A two-headed ogre (D:11)
  Prince Ribbit (D:5)
  A spriggan (D:7)
  A hog (D:7)
  A hippogriff (D:11)
  A water moccasin (D:7)
  3 sky beasts
  3 ice beasts
  A hornet simulacrum (D:11)
  3 orc warriors
  A black bear (D:6)
  A wasp (D:11)
  3 ogres
  2 phantoms
  3 centaurs
  Blork the orc (D:5)
  5 giant frogs
  4 scorpions
  4 killer bees (D:10)
  4 howler monkeys (D:7)
  6 wights (D:10)
  2 electric eels (D:10)
  2 crimson imps
  A quasit (D:5)
  A jelly (shapeshifter) (D:10)
  A wasp zombie (D:7)
  3 centaur zombies
  3 hounds
  A hound (shapeshifter) (D:7)
  3 orc priests
  2 jellies
  6 orc wizards
  8 worker ants
  Natasha (D:3)
  A killer bee zombie (D:7)
  2 gnolls (D:2)
  2 howler monkey skeletons
  15 adders
  2 shadow imps
  An ooze (D:4)
  A worm (D:4)
  A dart slug (D:1)
  8 giant geckos
  23 orcs
  9 giant cockroaches
  9 goblins
  7 hobgoblins
  10 jackals
  13 kobolds
  6 quokkas
  3 ball pythons
  5 bats
  2 giant newts (D:2)
  11 rats
218 creatures vanquished.

Vanquished Creatures (collateral kills)
  A gargoyle (D:11)
  Menkaure (D:7)
  2 ice beasts (D:7)
  An ogre (D:6)
  A wight (D:10)
  An electric eel (D:8)
  A hound (D:8)
  An orc wizard (D:11)
  A giant gecko (D:11)
  An orc (D:11)
11 creatures vanquished.

Vanquished Creatures (others)
  A big kobold (D:7)
  A wight (D:10)
  2 orc priests
  A jackal (D:2)
  29 plants (D:10)
34 creatures vanquished.

Grand Total: 263 creatures vanquished

Notes
Turn   | Place    | Note
--------------------------------------------------------------
     0 | D:1      | M4edhros the Octopode Artificer began the quest for the Orb.
     0 | D:1      | Reached XP level 1. HP: 13/13 MP: 3/3
   165 | D:1      | Reached skill level 2 in Stealth
   169 | D:1      | Reached XP level 2. HP: 13/18 MP: 4/4
   738 | D:2      | Reached skill level 3 in Stealth
   924 | D:2      | Reached XP level 3. HP: 19/23 MP: 5/5
  1072 | D:2      | Reached skill level 4 in Stealth
  1292 | D:2      | Reached XP level 4. HP: 23/28 MP: 6/6
  1723 | D:2      | Reached skill level 5 in Stealth
  2072 | D:2      | Reached XP level 5. HP: 20/33 MP: 7/7
  2428 | D:3      | Noticed Natasha
  2439 | D:3      | Killed Natasha
  2439 | D:3      | Reached skill level 6 in Stealth
  3049 | D:3      | Reached XP level 6. HP: 38/38 MP: 8/8
  3287 | D:4      | Reached skill level 7 in Stealth
  3436 | D:4      | Got a jewelled dagger
  3437 | D:4      | Identified the +5 dagger of Somewhere Else {pain, rElec rF+ rC+} (You found it on level 4 of the Dungeon)
  3601 | D:4      | Found a shadowy altar of Dithmenos.
  3682 | D:4      | Reached skill level 8 in Stealth
  4015 | D:4      | Got a slimy shield
  4021 | D:4      | Identified the +4 shield of Jynothrege {Int+2 SInv} (You found it on level 4 of the Dungeon)
  4204 | D:5      | Entered Level 5 of the Dungeon
  4206 | D:5      | Reached skill level 1 in Shields
  4206 | D:5      | Reached XP level 7. HP: 43/43 MP: 9/9
  4311 | D:5      | Noticed Prince Ribbit
  4313 | D:5      | Noticed Uhlv's ghost (novice GrFi)
  4316 | D:5      | Killed Prince Ribbit
  4316 | D:5      | Reached skill level 9 in Stealth
  4357 | D:5      | Noticed Blork the orc
  4362 | D:5      | Killed Blork the orc
  4648 | D:5      | Reached XP level 8. HP: 33/48 MP: 10/10
  5048 | D:6      | Reached skill level 5 in Dodging
  5055 | D:6      | Reached skill level 1 in Slings
  5055 | D:6      | Reached skill level 10 in Stealth
  5512 | D:6      | Found a staircase to the Ecumenical Temple.
  5544 | Temple   | Entered the Ecumenical Temple
  5553 | Temple   | Became a worshipper of Xom of Chaos
  5645 | D:6      | XOM: potion effect (berserk rage)
  5726 | D:6      | XOM: silly message
  5730 | D:6      | XOM: potion effect (invisibility)
  5769 | D:6      | XOM: potion effect (might)
  5834 | D:6      | XOM: silly message
  5916 | D:6      | XOM: enchant monster (good)
  5959 | D:6      | XOM: enchant monster (good)
  5982 | D:6      | XOM: divination: detect creatures
  5989 | D:6      | XOM: confuse monster(s)
  6003 | D:6      | XOM: harmless Ice miscast
  6013 | D:6      | XOM: noise
  6014 | D:6      | XOM: silly message
  6038 | D:6      | XOM: silly message
  6041 | D:6      | XOM: mild Conj miscast
  6102 | D:6      | XOM: potion effect (brilliance)
  6108 | D:6      | XOM: potion effect (curing)
  6109 | D:6      | XOM: confuse monster(s)
  6149 | D:6      | XOM: potion effect (might)
  6163 | D:6      | XOM: harmless Pois miscast
  6170 | D:6      | XOM: noise
  6174 | D:6      | XOM: cast spell 'Confusing Touch'
  6186 | D:6      | XOM: silly message
  6206 | D:6      | XOM: cast spell 'Olgreb's Toxic Radiance'
  6210 | D:6      | XOM: cast spell 'Discord'
  6215 | D:6      | Reached skill level 11 in Stealth
  6215 | D:6      | Reached skill level 5 in Shields
  6215 | D:6      | Reached XP level 9. HP: 41/53 MP: 11/11
  6261 | D:6      | XOM: fog
  6282 | D:6      | XOM: destruction
  6283 | D:6      | XOM: god gift: ring mail {god gift}
  6298 | D:6      | XOM: silly message
  6341 | D:6      | XOM: confusion
  6343 | D:6      | XOM: swap monsters
  6344 | D:6      | XOM: enchant monster (good)
  6494 | D:6      | XOM: god gift: 410 gold pieces
  6497 | D:6      | XOM: chaos upgrade
  6514 | D:6      | XOM: enchant monster (good)
  6557 | D:6      | XOM: confuse monster(s)
  6558 | D:6      | XOM: confusion (+ monsters)
  6692 | Temple   | XOM: colour smoke trail
  7337 | D:7      | XOM: stealth player
  7398 | D:7      | XOM: divination: detect items
  7407 | D:7      | XOM: divination: magic mapping
  7416 | D:7      | XOM: god gift: scroll labeled TIUMEITW PURUCS
  7422 | D:7      | XOM: summons friendly shadow imp
  7423 | D:7      | XOM: confuse monster(s)
  7569 | D:7      | XOM: scenery: create altars
  7578 | D:6      | XOM: give mutations
  7578 | D:6      | Gained mutation: You expend magic power (3 MP) to strengthen your wands. [Xom's mischief]
  7578 | D:6      | Lost mutation: You expend magic power (3 MP) to strengthen your wands. [Xom's mischief]
  8062 | Temple   | XOM: cast spell 'Dragon Form'
  8422 | Temple   | XOM: 4-stop teleportation journey
  9271 | Temple   | XOM: divination: detect creatures
  9434 | Temple   | XOM: noise
  9664 | Temple   | XOM: cast spell 'Ice Form'
 10654 | Temple   | XOM: colour smoke trail
 10681 | Temple   | XOM: cast spell 'Spider Form'
 11359 | Temple   | XOM is BORED!
 11359 | Temple   | XOM: noise
 11779 | Temple   | XOM is BORED!
 11779 | Temple   | XOM: noise
 12242 | D:7      | XOM: mild Pois miscast
 12325 | D:7      | XOM: smoke on damage
 12330 | D:7      | XOM: harmless Divn miscast
 12438 | D:7      | XOM: harmless Summ miscast
 12484 | D:7      | Noticed Menkaure
 12535 | D:7      | XOM: cast spell 'Dispersal'
 12552 | D:7      | Killed Menkaure
 12623 | D:7      | XOM is BORED!
 12623 | D:7      | XOM: noise
 12718 | D:7      | Found a snail-covered altar of Cheibriados.
 12724 | D:7      | Found an oddly glowing altar of Pakellas.
 12788 | D:7      | XOM: divination: detect items
 12793 | D:7      | XOM: butterfly on damage
 12816 | D:7      | XOM: noise
 12817 | D:7      | XOM: cast spell 'Olgreb's Toxic Radiance'
 12841 | D:7      | XOM: summons 2 friendly demons
 12844 | D:7      | XOM: cast spell 'Discord'
 12846 | D:7      | XOM: blink monster(s)
 12846 | D:7      | Reached skill level 12 in Stealth
 12926 | D:7      | XOM: 1-stop teleportation journey
 12993 | D:7      | XOM: harmless Necr miscast
 13055 | D:7      | Found Suug's Distillery.
 13056 | D:7      | XOM: cast spell 'Hydra Form'
 13061 | D:7      | Bought a potion of mutation for 37 gold pieces
 13165 | D:7      | XOM: god gift: 38 gold pieces
 13178 | D:7      | XOM: cast spell 'Metabolic Englaciation'
 13412 | Temple   | XOM: give mutations
 13412 | Temple   | Gained mutation: Your flesh is cold resistant. [Xom's grace]
 13412 | Temple   | Gained mutation: You are resistant to electric shocks. [Xom's grace]
 13412 | Temple   | Gained mutation: You are partially covered in rough black scales (AC +4, Dex -1). [Xom's grace]
 14174 | Temple   | XOM: god gift: scorched halberd {god gift}
 14175 | Temple   | Got a scorched halberd {god gift}
 14181 | Temple   | Identified the +1 halberd of Gluttony {chaos, rF+ rN+ Dex-2} (Xom gifted it to you in the Ecumenical Temple)
 14573 | Temple   | XOM: god gift: rapier {god gift}
 14750 | Temple   | XOM: 5-stop teleportation journey
 14780 | Temple   | XOM: give mutation
 14780 | Temple   | Gained mutation: You evolve. [Xom's grace]
 14823 | Temple   | XOM: god gift: ring mail {god gift}
 14969 | Temple   | XOM: god gift: long jewelled staff {god gift}
 15135 | Temple   | XOM: god gift: 490 gold pieces
 15299 | Temple   | XOM: give mutations
 15299 | Temple   | Gained mutation: Your mind is acute. (Int +2) [Xom's grace]
 15299 | Temple   | Gained mutation: You passively map a small area around you. [Xom's grace]
 16214 | Temple   | Gained mutation: One of your tentacles bears a spike. [evolution]
 16362 | Temple   | XOM: god gift: twisted bronze wand {god gift}
 16550 | Temple   | XOM: harmless Tloc miscast
 16551 | Temple   | XOM: god gift: glowing silver ring {god gift}
 16552 | Temple   | XOM: colour smoke trail
 16755 | Temple   | XOM: mild Erth miscast
 16899 | Temple   | XOM: medium Ice miscast
 16955 | Temple   | XOM: colour smoke trail
 17001 | Temple   | XOM is BORED!
 17001 | Temple   | XOM: give mutation
 17001 | Temple   | Lost mutation: Your mind is acute. (Int +2) [Xom's mischief]
 17178 | Temple   | XOM: draining
 17268 | D:7      | XOM: summons friendly ufetubus
 17293 | D:7      | XOM: mild Chrm miscast
 17295 | D:7      | XOM: fake destruction
 17303 | D:7      | XOM: enchant monster (good)
 17572 | Temple   | XOM: vitrification
 18502 | Temple   | XOM: give mutations
 18502 | Temple   | Gained mutation: Your flesh is heat resistant. [Xom's grace]
 18502 | Temple   | Gained mutation: Your skin blends seamlessly with your surroundings (Stealth). [Xom's grace]
 18662 | Temple   | XOM: god gift: lead wand {god gift}
 18753 | Temple   | XOM: 2-stop teleportation journey
 18833 | Temple   | XOM: god gift: 3 meat rations
 18943 | Temple   | XOM: cast spell 'Dragon Form'
 19215 | Temple   | XOM: god gift: scratched coral ring {god gift}
 19225 | Temple   | XOM: cast spell 'Ice Form'
 19627 | D:7      | XOM: confusion
 19703 | D:7      | XOM: torment (12/53 hp)
 19723 | D:7      | XOM: torment (8/53 hp)
 19959 | D:6      | XOM: mild Necr miscast
 20085 | D:8      | XOM: polymorph ice beast -> sky beast
 20090 | D:8      | XOM: summons 9 friendly demons
 20252 | Temple   | XOM: give mutation
 20252 | Temple   | Gained mutation: Your flesh is very cold resistant. [Xom's grace]
 21141 | Temple   | XOM: cast spell 'Dragon Form'
 21286 | D:8      | XOM: silly message
 21293 | D:8      | XOM: harmless Ice miscast
 21335 | D:7      | XOM: polymorph sky beast -> hog
 21370 | D:7      | XOM: swap monsters
 21525 | Temple   | XOM: 2-stop teleportation journey
 21764 | Temple   | XOM: god gift: 47 gold pieces
 22247 | Temple   | XOM: medium Necr miscast
 22307 | D:8      | XOM: harmless Hex miscast
 22346 | D:8      | XOM: 1-stop teleportation journey
 22368 | D:8      | XOM: noise
 22378 | D:8      | XOM: harmless Summ miscast
 22439 | D:7      | XOM: destruction
 22462 | D:7      | XOM: enchant monster (good)
 22474 | D:7      | XOM: enchant monster (bad)
 22533 | D:7      | XOM: cast spell 'Summon Small Mammal'
 22588 | D:7      | XOM: confuse monster(s)
 22609 | D:7      | XOM: noise
 22668 | D:7      | XOM: enchant monster (bad)
 22674 | D:7      | XOM: summons 4 hostile demons
 22675 | D:7      | Noticed an ice devil
 22744 | D:8      | XOM is BORED!
 22744 | D:8      | XOM: give mutations
 22744 | D:8      | Lost mutation: One of your tentacles bears a spike. [Xom's mischief]
 22744 | D:8      | Gained mutation: Your body sometimes deteriorates upon taking damage. [Xom's mischief]
 22744 | D:8      | Lost mutation: Your skin blends seamlessly with your surroundings (Stealth). [Xom's mischief]
 22744 | D:8      | Gained mutation: You occasionally shout uncontrollably at your foes. [Xom's mischief]
 22763 | D:7      | XOM: harmless Air miscast
 22767 | D:7      | XOM: summons 4 hostile demons
 22774 | D:7      | XOM: blink monster(s)
 22909 | D:7      | XOM: give mutations
 22909 | D:7      | Lost mutation: You occasionally shout uncontrollably at your foes. [Xom's mischief]
 22909 | D:7      | Lost mutation: You evolve. [Xom's mischief]
 22956 | D:7      | XOM: medium Summ miscast
 22961 | D:7      | XOM: mild Air miscast
 23121 | D:7      | XOM: enchant monster (bad)
 23123 | D:7      | XOM: enchant monster (bad)
 23281 | D:7      | XOM: confusion (+ monsters)
 23291 | D:7      | XOM: summons 4 hostile shadow creatures
 23294 | D:7      | XOM: polymorph orc -> adder
 23364 | D:7      | XOM: confusion
 23374 | D:7      | XOM: confusion (+ monsters)
 23396 | D:7      | XOM: polymorph big kobold -> hog
 23401 | D:7      | XOM: repel stairs
 23405 | D:7      | XOM: give mutations
 23405 | D:7      | Lost mutation: Your body sometimes deteriorates upon taking damage. [Xom's mischief]
 23405 | D:7      | Gained mutation: You are partially covered in thin metallic scales (AC +2). [Xom's mischief]
 23405 | D:7      | Gained mutation: You occasionally shout uncontrollably at your foes. [Xom's mischief]
 23405 | D:7      | Gained mutation: You are dopey. (Int -2) [Xom's mischief]
 23474 | Temple   | XOM: god gift: buckler {god gift}
 23972 | Temple   | XOM: 3-stop teleportation journey
 25122 | Temple   | XOM: god gift: opal ring {god gift}
 25150 | Temple   | XOM: god gift: 15 stones
 25434 | Temple   | XOM: 1-stop teleportation journey
 25470 | D:7      | XOM: silly message
 25520 | D:8      | Noticed M4edhros's ghost (novice OpAr)
 25522 | D:8      | XOM: summons 9 friendly demons
 25578 | D:8      | XOM: swap monsters
 25583 | D:8      | XOM: mild Hex miscast
 25584 | D:8      | XOM: silly message
 25603 | D:8      | XOM: enchant monster (bad)
 25606 | D:8      | XOM: enchant monster (bad)
 25609 | D:8      | XOM: enchant monster (bad)
 25626 | D:8      | XOM: mild Divn miscast
 25633 | D:8      | XOM: summons 4 hostile demons
 25648 | D:8      | XOM: potion effect (heal wounds)
 25650 | D:8      | XOM: destruction
 25941 | Temple   | XOM: medium Hex miscast
 26336 | Temple   | XOM: god gift: 18 poisoned sling bullets
 26427 | D:7      | XOM: silly message
 26486 | D:7      | XOM: divination: detect creatures
 26571 | D:7      | XOM: noise
 26593 | D:7      | XOM: silly message
 26606 | D:7      | XOM: potion effect (brilliance)
 26620 | D:7      | XOM: enchant monster (good)
 26641 | D:7      | XOM: enchant monster (bad)
 26642 | D:7      | XOM: confusion
 26672 | D:7      | XOM: enchant monster (bad)
 26683 | D:7      | XOM: harmless Air miscast
 26697 | D:7      | XOM: enchant monster (bad)
 26890 | D:8      | XOM: confuse monster(s)
 26919 | D:7      | XOM: enchant monster (good)
 26951 | D:7      | XOM: confuse monster(s)
 27026 | D:7      | XOM: swap monsters
 27084 | D:7      | XOM: enchant monster (good)
 27252 | Temple   | XOM: 5-stop teleportation journey
 27596 | Temple   | XOM: god gift: scroll of teleportation
 27824 | Temple   | XOM: harmless Air miscast
 28310 | Temple   | XOM: 3-stop teleportation journey
 28396 | Temple   | XOM: colour smoke trail
 28814 | Temple   | XOM: colour smoke trail
 29000 | Temple   | XOM: noise
 29583 | Temple   | XOM: give mutations
 29583 | Temple   | Gained mutation: You sometimes yell uncontrollably at your foes. [Xom's mischief]
 29583 | Temple   | Lost mutation: Your flesh is very cold resistant. [Xom's mischief]
 29759 | Temple   | Fell from the grace of Xom
 29759 | Temple   | Became a worshipper of Gozag Ym Sagoz the Greedy
 29766 | Temple   | Bought a +5 amulet of reflection for 375 gold pieces
 29839 | D:7      | Reached XP level 10. HP: 49/58 MP: 12/12
 29936 | D:9      | Found Rido's Weapon Shoppe.
 29936 | D:9      | Found a staircase to the Orcish Mines.
 29936 | D:9      | Found Vaseju's Armour Shoppe.
 30039 | D:9      | Learned a level 3 spell: Regeneration
 30155 | D:9      | Lost mutation: You sometimes yell uncontrollably at your foes. [potion of mutation]
 30155 | D:9      | Gained mutation: You have an increased reservoir of magic (+10% MP). [potion of mutation]
 30156 | D:9      | Gained mutation: You are mostly covered in rough black scales (AC +7, Dex -2). [potion of mutation]
 30156 | D:9      | Gained mutation: You tend to lose your temper in combat. [potion of mutation]
 30243 | D:10     | Entered Level 10 of the Dungeon
 30299 | D:10     | XOM: give mutations
 30299 | D:10     | Gained mutation: You often lose your temper in combat. [Xom's mischief]
 30299 | D:10     | Lost mutation: You occasionally shout uncontrollably at your foes. [Xom's mischief]
 30350 | D:10     | Reached skill level 13 in Stealth
 30362 | D:10     | Reached skill level 1 in Necromancy
 30448 | D:10     | Noticed a hill giant
 30455 | D:10     | XOM: noise
 30642 | D:10     | Noticed an unseen horror
 30649 | D:10     | Killed an unseen horror
 30747 | D:10     | XOM: polymorph jackal -> gnoll
 30758 | D:10     | XOM: medium Chrm miscast
 30821 | D:10     | Killed a hill giant
 30952 | D:11     | XOM: noise
 30958 | D:11     | Noticed Nergalle
 31197 | D:11     | Reached XP level 11. HP: 59/63 MP: 14/14
 31198 | D:11     | Noticed a skeletal warrior
 31217 | D:11     | Noticed a skeletal warrior
 31217 | D:11     | Reached skill level 5 in Slings
 31217 | D:11     | Reached skill level 5 in Necromancy
 31218 | D:11     | Noticed a skeletal warrior
 31268 | D:11     | Paralysed by fainting for 10 turns
 31270 | D:11     | Mangled by a skeletal warrior

Vault maps used:
D:1:      dpeg_arrival_fog, grunt_decor_fettered, minmay_misc_feat_room,
          minmay_hedge_maze
D:3:      uniq_natasha
D:4:      nicolae_dithmenos_the_darkroom
D:5:      first_bread, uniq_blork_the_orc, uniq_prince_ribbit1
D:6:      temple_fountains
D:7:      minitemple, serial_shops, shop, the_bakery, uniq_menkaure
D:9:      david_lair_shrubbed, orc_david_3, serial_shops,
          nicolae_shop_behind_doors
D:10:     serial_bayou, serial_bayou_pond_a, serial_bayou_pond_d,
          serial_bayou_pond_e, serial_bayou_lagoon_a, serial_bayou_pond_d
D:11:     minmay_misc_feat_alley, uniq_nergalle
Temple:   grunt_circular_temple_18

Skill      XL: |  1  2  3  4  5  6  7  8  9 10 11 |
---------------+----------------------------------+-----
Stealth        | 2 3 4 5 6 8 9 11 12 13 | 13.6
Dodging        | 3 4 5 6 |  6.6
Shields        | 1 3 5 6 8 9 |  9.0
Slings         | 2 3 4 5 |  5.0
Necromancy     | 4 5 |  5.1
Fighting       | |  1.0
Short Blades   | |  1.0
Evocations     | |  3.2

Action                   |  1- 3 |  4- 6 |  7- 9 | 10-12 || total
-------------------------+-------+-------+-------+-------++-------
Melee: Short sword       |    50 |    31 |       |       ||    81
       Spear             |       |    83 |       |       ||    83
       Dagger            |       |     4 |   271 |   216 ||   491
 Fire: Hunting sling     |       |       |       |     1 ||     1
Invok: Call Merchant     |       |       |     1 |       ||     1
Evoke: Wand              |       |     8 |    17 |    18 ||    43
  Use: Potion            |     1 |       |     7 |     4 ||    12
       Scroll            |       |       |     7 |     6 ||    13
 Stab: Sleeping          |     5 |    23 |    18 |     7 ||    53
       Distracted        |       |       |     2 |     5 ||     7
  Eat: Chunk             |     1 |     7 |    13 |       ||    21
       Fruit             |       |     1 |    13 |       ||    14
       Bread ration      |       |       |     7 |       ||     7
       Meat ration       |       |       |     5 |       ||     5
       Pizza             |       |       |     1 |       ||     1
       Beef jerky        |       |       |     1 |       ||     1
       Royal jelly       |       |       |       |     1 ||     1
